 Dungeon Sprint DCSS version 0.21-a0-111-g52d2817 (webtiles) character file.

467 wazuzu the Cruncher (level 6, 0/57 HPs)
             Began as a Minotaur Gladiator on July 11, 2017.
             Succumbed to Sonja's poison
             ... in the Dungeon (Sprint I: "Red Sonja").
             The game lasted 00:01:51 (522 turns).

wazuzu the Cruncher (Minotaur Gladiator)             Turns: 522, Time: 00:01:52

Health: 0/57       AC:  4    Str: 20    XL:     6   Next: 81%
Magic:  5/5        EV: 14    Int:  5    God:
Gold:   297        SH:  0    Dex: 12    Spells: 5/5 levels left

rFire    . . .     SeeInvis .   a - +0 quarterstaff
rCold    . . .     Gourm    .   (shield currently unavailable)
rNeg     . . .     Faith    .   b - +0 leather armour
rPois    .         Spirit   .   c - +1 hat
rElec    .         Reflect  .   (no cloak)
rCorr    .         Harm     .   (no gloves)
MR       .....     NoTele   +   (no boots)
Stlth    +.........             (no amulet)
HPRegen  0.19/turn              (no ring)
MPRegen  0.09/turn              (no ring)

@: lethally poisoned (0 -> -102), hasted and slowed
A: retaliatory headbutt, horns 2
a: no special abilities


You were in the Dungeon.
You were not hungry.

You visited 1 branch You collected 297 gold pieces.

Inventory:

Hand Weapons
 a - a +0 quarterstaff (weapon)
Missiles
 d - 3 throwing nets (quivered)
Armour
 b - a +0 leather armour (worn)
 c - a +1 hat (worn)
Wands
 l - a wand of flame (14/48)
Scrolls
 k - a scroll of blinking
Potions
 i - 2 potions of magic
Comestibles
 f - a bread ration
 j - a fruit


   Skills:
 + Level 6.0 Fighting
 - Level 14.3 Staves
 - Level 2.0 Throwing
 + Level 5.2 Armour
 + Level 6.0 Dodging


You had 5 spell levels left.
You didn't know any spells.

Dungeon Overview and Level Annotations

Branches:
Dungeon (1/1)

Altars:
Makhleb
Sif Muna
Vehumet
Wu Jian
Xom
Jiyva
Lugonu

Annotations:
D Sonja


Innate Abilities, Weirdness & Mutations

You reflexively headbutt those who attack you in melee.
You have a pair of horns on your head.


Message History

* * * LOW HITPOINT WARNING * * *
You are more poisoned.
You feel much better.
You feel extremely sick.
Sonja hits you with an uncursed dagger of venom.
You are more poisoned.
Sonja hits you with an uncursed dagger of venom.
Sonja barely misses you.
Sonja hits you with an uncursed dagger of venom!
* * * LOW HITPOINT WARNING * * *
Sonja hits you but does no damage.
You are more poisoned.
Sonja hits you with an uncursed dagger of venom.
* * * LOW HITPOINT WARNING * * *
Okay, then.
You miss Sonja.
* * * LOW HITPOINT WARNING * * *
You feel very sick.
You barely miss Sonja. Your headbutt misses Sonja.
You die...

###################
#<.#..').#..'..#__#
#..').#..').#..'..+
#..#####'#####'#__#
#..# #..#...#.####
#..# ####.(##)#
#..# ##'#_.+ #⌠⌠#
+K@(_# #### #_.#(#
##'#.# #.### $.$
$.$# ##.## #+#


You could see Sonja.

Vanquished Creatures
  A slime creature (D)
  Sigmund (D)
  An ogre (D)
  A jelly (D)
  Ijyb (D)
5 creatures vanquished.

Notes
Turn   | Place    | Note
-------+----------+-------------------------------------------
     0 | D        | wazuzu the Minotaur Gladiator began the quest for the Orb.
     0 | D        | Reached XP level 1. HP: 18/18 MP: 0/0
     1 | D        | Noticed Ijyb
     6 | D        | Killed Ijyb
     6 | D        | Reached skill level 7 in Staves
     6 | D        | Reached XP level 2. HP: 21/25 MP: 1/1
    52 | D        | Noticed an ogre
    56 | D        | Killed an ogre
    56 | D        | Reached skill level 11 in Staves
    56 | D        | Reached XP level 3. HP: 29/30 MP: 2/2
    56 | D        | Reached XP level 4. HP: 36/37 MP: 3/3
   150 | D        | Noticed Sigmund
   158 | D        | Killed Sigmund
   158 | D        | Reached skill level 14 in Staves
   158 | D        | Reached XP level 5. HP: 21/42 MP: 4/4
   316 | D        | Found a burning altar of Makhleb.
   316 | D        | Found a viscous altar of Jiyva.
   316 | D        | Found a shimmering altar of Xom.
   316 | D        | Found a corrupted altar of Lugonu.
   316 | D        | Noticed a slime creature
   323 | D        | Killed a slime creature
   323 | D        | Reached skill level 5 in Fighting
   323 | D        | Reached skill level 5 in Armour
   323 | D        | Reached skill level 5 in Dodging
   323 | D        | Reached XP level 6. HP: 30/57 MP: 5/5
   466 | D        | Found an ornate altar of the Wu Jian Council.
   466 | D        | Found a deep blue altar of Sif Muna.
   468 | D        | Found a radiant altar of Vehumet.
   503 | D        | Noticed Sonja
   522 | D        | Succumbed to Sonja's poison

Vault maps used:
D:        dungeon_sprint_1

Skill      XL: |  1  2  3  4  5  6 |
---------------+-------------------+-----
Staves         | 7 11 14 | 14.3
Fighting       | 5 6 |  6.0
Armour         | 5 |  5.2
Dodging        | 5 6 |  6.0
Throwing       | |  2.0

Action                   |  1- 3 |  4- 6 || total
-------------------------+-------+-------++-------
Melee: Quarterstaff      |     6 |    25 ||    31
       Headbutt          |     2 |     3 ||     5
  Use: Potion            |     1 |     3 ||     4
       Scroll            |       |     1 ||     1
Armor: Leather armour    |       |     3 ||     3
Dodge: Dodged            |     3 |    17 ||    20
